 Dungeon Crawl Stone Soup version 0.28.0-45-g0d030f2227 (console) character file.

Game seed: 4668358505953926865

244 CuBeRJAN3 the Chopper (level 6, -3/51 (55) HPs)
             Began as a Hill Orc Fighter on Apr 6, 2022.
             Was an Initiate of Makhleb.
             Shot with an arrow by a centaur (9 damage)
             ... on level 6 of the Dungeon.
             The game lasted 00:09:51 (3618 turns).

CuBeRJAN3 the Chopper (Hill Orc Fighter)            Turns: 3618, Time: 00:09:52

HP:   -3/51 (55)    AC: 16    Str: 21    XL:     6   Next: 10%
MP:   6/6           EV:  5    Int:  8    God:    Makhleb [......]
Gold: 117           SH:  4    Dex: 10    Spells: 5/5 levels left

rFire   . . .      SeeInvis .   a - +0 war axe
rCold   . . .      Faith    .   c - +0 buckler
rNeg    . . .      Spirit   .   n - +0 plate armour
rPois   .          Reflect  .   (no helmet)
rElec   .          Harm     .   (no cloak)
rCorr   .          Rampage  .   i - +0 pair of gloves
Will    .....                   s - +2 pair of boots
Stlth   ..........              (no amulet)
HPRegen 0.17/turn               (no ring)
MPRegen 0.10/turn               (no ring)

@: drained
A: no striking features
a: Renounce Religion


You were on level 6 of the Dungeon.
You worshipped Makhleb.
Makhleb was noncommittal.
You visited 1 branch of the dungeon, and saw 5 of its levels.

You collected 117 gold pieces.

Inventory:

Hand Weapons
 a - a +0 war axe (weapon)
 b - a +0 hunting sling
Missiles
 k - 43 sling bullets
Armour
 c - a +0 buckler (worn)
 i - a +0 pair of gloves (worn)
 n - a +0 plate armour (worn)
 s - a +2 pair of boots (worn)
Wands
 q - a wand of flame (15)
Scrolls
 e - 2 scrolls of noise {unknown}
 f - a scroll of fear {unknown}
 g - a scroll of teleportation
 j - 2 scrolls of fog
 m - a scroll of immolation {unknown}
 p - a scroll of identify {unknown}
 r - a scroll of enchant armour {unknown}
Potions
 d - 2 potions of might
 h - a potion of mutation {unknown}
 l - a potion of curing {unknown}
 o - 5 potions of heal wounds {unknown}


   Skills:
 + Level 4.8 Fighting
 * Level 5.4 Axes
 + Level 4.4 Armour
 + Level 4.3 Shields


You had 5 spell levels left.
You didn't know any spells.
Your spell library was empty.

Dungeon Overview and Level Annotations

Branches:
Dungeon (4/15)
 Temple: D:4-7

Altars:
Ashenzari
Dithmenos
Fedhas
Makhleb
Okawaru
Ru


Message History

The ogre barely misses you.
A centaur skeleton comes into view.
Found 10 gold pieces.
The centaur skeleton hits you but does no damage.
The centaur skeleton kicks you but does no damage.
The centaur skeleton hits you but does no damage.
The centaur skeleton kicks you but does no damage.
A wight comes into view. It is wielding a +4 battleaxe.
The centaur skeleton hits you.
You block the centaur skeleton's attack.
The wight moves out of view.
A wight comes into view. It is wielding a +5 trident.
The wight moves out of view.
The ogre hits you but does no damage.
The centaur skeleton hits you but does no damage.
The centaur skeleton barely misses you. x2; The centaur skeleton kicks you.
Unknown command.
As you read the scroll of teleportation, it crumbles to dust.
You feel strangely unstable. The wight barely misses you.
You block the ice beast's attack. The wight hits you but does no damage.
You closely miss the ice beast. You slash the ogre! You closely miss the wight.
The wight hits you with a +4 battleaxe!
You feel drained. The ice beast hits you. The ice beast freezes you!
The wight hits you from afar with a +5 trident.
The ogre hits you with a +0 giant club!
You barely miss the ice beast. You slash the ogre!
You completely miss the wight. The wight hits you but does no damage.
The ice beast hits you but does no damage.
The wight hits you from afar with a +5 trident.
You feel drained. The ogre hits you with a +0 giant club.
The wight hits you with a +4 battleaxe!
* * * LOW HITPOINT WARNING * * *
The ice beast barely misses you.
You hit the ice beast but do no damage. You hit the ogre.
You closely miss the wight.
Your surroundings suddenly seem different.
A centaur, a bullfrog, a hound and an adder come into view.
Found a fizzy grey potion and a short sword.
The centaur shouts!
The adder hisses angrily.
The centaur wields a +0 shortbow.
The centaur shoots an arrow.
The arrow hits you.
* * * LOW HITPOINT WARNING * * *
An iguana comes into view.
The iguana hisses angrily.
The centaur shoots an arrow.
The arrow hits you!
You die...

. ...... ......
..# ...... .. ##
......# .#..#.
.....).###.#....
.....h......#...
................
.....S.....F....
........@.......
..........!.....
................
#####..........l
##..........
##.....#c..
##########


You could see a bullfrog, a centaur, an iguana, a hound and an adder.

Vanquished Creatures
  Crazy Yiuf (D:3)
  Jessica (D:3)
  An iguana (D:6)
  7 gnolls
  6 adders
  3 orcs (D:3)
  4 bats
  2 endoplasms
  5 goblins
  5 hobgoblins
  5 ball pythons
  4 frilled lizards
  5 kobolds
  3 rats (D:2)
52 creatures vanquished.

Notes
Turn   | Place    | Note
-------+----------+-------------------------------------------
     0 | D:1      | CuBeRJAN3 the Hill Orc Fighter began the quest for the Orb.
     0 | D:1      | Reached XP level 1. HP: 19/19 MP: 1/1
     7 | D:1      | Noticed a swamp worm
     7 | D:1      | Noticed a redback
     7 | D:1      | Noticed a komodo dragon
     7 | D:1      | Noticed a black bear
     7 | D:1      | Noticed a wyvern
   452 | D:1      | Reached skill level 3 in Axes
   699 | D:1      | Reached XP level 2. HP: 27/27 MP: 2/2
  1065 | D:2      | Reached XP level 3. HP: 29/33 MP: 3/3
  1308 | D:1      | Reached skill level 4 in Axes
  1424 | D:1      | Reached XP level 4. HP: 31/40 MP: 4/4
  1666 | D:2      | Found a shadowy altar of Dithmenos.
  1968 | D:2      | Found a faded altar of an unknown god.
  2277 | D:3      | Reached XP level 5. HP: 47/47 MP: 5/5
  2338 | D:3      | Noticed Jessica
  2346 | D:3      | Killed Jessica
  2636 | D:3      | Found a blossoming altar of Fedhas.
  2639 | D:3      | Found a broken altar of Ashenzari.
  2765 | D:3      | Found a burning altar of Makhleb.
  2773 | D:3      | Reached skill level 5 in Axes
  2805 | D:3      | Became a worshipper of Makhleb the Destroyer
  2965 | D:3      | Found an iron altar of Okawaru.
  2968 | D:3      | Found a sacrificial altar of Ru.
  3176 | D:3      | Found a runed translucent door.
  3177 | D:3      | Noticed Crazy Yiuf
  3182 | D:3      | Killed Crazy Yiuf
  3486 | D:4      | You fall into a shaft and drop 2 floors!
  3499 | D:6      | Reached XP level 6. HP: 46/55 MP: 6/6
  3541 | D:6      | Noticed an ice beast
  3578 | D:6      | Noticed an ice beast
  3618 | D:6      | Shot with an arrow by a centaur

Illustrated notes

Levels and vault maps discovered:
D:1:      onia_arrival_zoo_common, layout_basic, minmay_tree_intersection,
          nrook_uturn
D:2:      layout_basic, hellmonk_ecumenical_altar_arch_garden, basic_altar
D:3:      layout_basic, bloody_makhleb, grunt_temple_overflow_cloverleaf,
          uniq_crazy_yiuf_cottage, uniq_jessica
D:4:      layout_basic, serial_shops, shop_fountains, uniq_robin, uniq_pikel
D:6:      layout_rooms, minmay_splitting_lines

Skill      XL: |  1  2  3  4  5 |
---------------+----------------+-----
Axes           | 3 4 5 |  5.4
Fighting       | 4 |  4.8
Armour         | 4 |  4.4
Shields        | 4 |  4.3

Action                   |  1- 3 |  4- 6 || total
-------------------------+-------+-------++-------
Melee: War axe           |    60 |    99 ||   159
  Use: Scroll            |       |     3 ||     3
Armor: Scale mail        |    40 |     4 ||    44
       Plate armour      |       |    56 ||    56
Dodge: Dodged            |    34 |    38 ||    72
Block: Buckler           |    17 |    19 ||    36
